 Dungeon Crawl Stone Soup version 0.25.1-2-g60ff931df9 (webtiles) character file.

Game seed: 2502698391289736460

96 DogServant the Magician (level 4, -1/24 HPs)
             Began as a Deep Elf Wizard on Oct 22, 2020.
             Slain by an orc
             ... wielding a +0 flail
              (8 damage)
             ... on level 3 of the Dungeon.
             The game lasted 00:04:44 (2603 turns).

DogServant the Magician (Deep Elf Wizard)           Turns: 2603, Time: 00:04:44

Health: -1/24      AC:  2    Str:  4    XL:     4   Next: 41%
Magic:  0/13       EV: 13    Int: 24    God:
Gold:   132        SH:  0    Dex: 13    Spells: 3/13 levels left

rFire    . . .     SeeInvis .   (no weapon)
rCold    . . .     Gourm    .   (no shield)
rNeg     . . .     Faith    .   a - +0 robe
rPois    .         Spirit   .   b - +0 hat
rElec    .         Reflect  .   (no cloak)
rCorr    .         Harm     .   (no gloves)
MR       .....                  (no boots)
Stlth    ++........             (no amulet)
HPRegen  0.08/turn              (no ring)
MPRegen  0.13/turn              (no ring)

@: no status effects
A: no striking features
a: no special abilities


You were on level 3 of the Dungeon.
You were hungry.

You visited 1 branch of the dungeon, and saw 4 of its levels.

You collected 132 gold pieces.

Inventory:

Armour
 a - a +0 robe (worn)
 b - a +0 hat (worn)
Jewellery
 c - an uncursed ring of poison resistance {unknown}
 h - an uncursed ring of resist corrosion {unknown}
Scrolls
 g - a scroll of magic mapping {unknown}
 j - a scroll of remove curse
Potions
 e - a potion of stabbing {unknown}
 f - a potion of ambrosia {unknown}
 i - a potion of flight {unknown}
 k - a potion of might {unknown}


   Skills:
 - Level 2.4 Dodging
 - Level 2.4 Stealth
 - Level 5.3 Spellcasting
 + Level 3.4 Conjurations
 - Level 2.0 Summonings
 - Level 1.1 Translocations
 + Level 0.8 Air Magic


You had 3 spell levels left.
You knew the following spells:

 Your Spells              Type           Power        Failure   Level  Hunger
a - Magic Dart            Conj           ###.         1%          1    None
b - Call Imp              Summ           ###.....     5%          2    None
c - Blink                 Tloc           N/A          9%          2    None
d - Mephitic Cloud        Conj/Pois/Air  ##......     14%         3    ##.....
e - Slow                  Hex            #.......     13%         2    None

Your spell library contained the following spells:

 Spells                   Type           Power        Failure   Level  Hunger
 Conjure Flame            Conj/Fire      ##......     13%         3    ##.....


Dungeon Overview and Level Annotations

Branches:
Dungeon (4/15)
 Temple: D:4-7

Altars:

Annotations:
D:3 Natasha
D:4 Edmund


Message History

A bat comes into view.
The orc hits you with a +0 flail.
* * * LOW HITPOINT WARNING * * *
The rat misses you.
Your crimson imp hits the orc but does no damage.
The bat moves out of view.
The orc barely misses you.
Your crimson imp barely misses the orc.
Casting: Magic Dart (safe; 1% risk of failure)
Confirm with . or Enter, or press ? or * to list all spells.
Aiming: Magic Dart (safe; 1% risk of failure)
Press: ? - help, Shift-Dir - straight line, f - rat
Aim: a rat The magic dart hits the rat.
You kill the rat!
The orc barely misses you.
Your crimson imp hits the orc but does no damage.
You hit the orc but do no damage.
The orc is almost dead.
The orc hits you with a +0 flail!
You die...

#.........# #
..#.........# #
#...........#### #
#[.....b....... #
#..........>#. ##
#.....l.......########.
#........# ...........
#.....@.# ...# ##..
##..5o### #..###...
#..†## #..##.##
#....### ###)##.#
#...##..># #...[..#
F..... ###.# #.#.####
#####. #... #.### #
####.. #...### <..
###....


You could see an orc, a bat, a frilled lizard and a friendly crimson imp
(summoned).

Vanquished Creatures
  3 gnolls (D:2)
  2 adders
  A worm (D:2)
  2 dart slugs
  4 orcs (D:3)
  2 ball pythons (D:3)
  5 giant cockroaches
  2 goblins (D:2)
  A hobgoblin (D:1)
  5 bats
  2 frilled lizards
  7 kobolds
  3 rats
39 creatures vanquished.

Vanquished Creatures (collateral kills)
  A worm (D:2)
  2 orcs
3 creatures vanquished.

Grand Total: 42 creatures vanquished

Notes
Turn   | Place    | Note
-------+----------+-------------------------------------------
     0 | D:1      | DogServant the Deep Elf Wizard began the quest for the Orb.
     0 | D:1      | Reached XP level 1. HP: 10/10 MP: 7/7
   332 | D:1      | Reached XP level 2. HP: 15/15 MP: 1/9
   833 | D:2      | Reached skill level 5 in Spellcasting
   997 | D:2      | Reached XP level 3. HP: 17/19 MP: 8/11
  1285 | D:1      | Learned a level 2 spell: Call Imp
  1288 | D:1      | Learned a level 2 spell: Blink
  1292 | D:1      | Learned a level 3 spell: Mephitic Cloud
  1295 | D:1      | Learned a level 2 spell: Slow
  1935 | D:2      | Reached XP level 4. HP: 24/24 MP: 8/13
  2538 | D:3      | Noticed Natasha
  2569 | D:4      | Noticed Edmund
  2597 | D:3      | Noticed a bullfrog
  2603 | D:3      | Slain by an orc

Illustrated notes

Levels and vault maps discovered:
D:1:      dpeg_arrival_arbitrary_c, layout_basic
D:2:      layout_basic, minmay_misc_feat_square
D:3:      layout_rooms, uniq_crazy_yiuf_cottage, uniq_jessica, uniq_natasha
D:4:      layout_cave_pods, uniq_eustachio, uniq_edmund

Skill      XL: |  1  2  3  4 |
---------------+-------------+-----
Conjurations   | 2 3 |  3.4
Spellcasting   | 5 |  5.3
Summonings     | 2 |  2.0
Dodging        | |  2.4
Stealth        | |  2.4
Translocations | |  1.1
Air Magic      | |  0.8

Action                   |  1- 3 |  4- 6 || total
-------------------------+-------+-------++-------
Melee: Unarmed           |     4 |    22 ||    26
 Cast: Magic Dart        |    86 |    36 ||   122
       Call Imp          |     8 |     5 ||    13
       Mephitic Cloud    |       |     1 ||     1
  Use: Potion            |     2 |     1 ||     3
       Scroll            |     1 |     1 ||     2
 Stab: Distracted        |       |     1 ||     1
  Eat: Ration            |     1 |       ||     1
       Chunk             |       |     1 ||     1
Armor: Robe              |     5 |     7 ||    12
Dodge: Dodged            |    23 |    35 ||    58
